 Dungeon Crawl Stone Soup version 0.32-a0-132-g2d33c3cfaf (webtiles) character file.

Game seed: 13106352869925866284

17 cforsyth the Magician (level 2, 0/23 HPs)
             Began as a Djinni Hexslinger on Feb 9, 2024.
             Slain by a gnoll
             ... wielding a +0 spear
              (4 damage)
             ... on level 1 of the Dungeon.
             The game lasted 00:01:22 (325 turns).

cforsyth the Magician (Djinni Hexslinger)            Turns: 325, Time: 00:01:23

Health: 0/23       AC:  2    Str:  7    XL:     2   Next: 80%
Gold:   7          EV: 12    Int: 14    God:
                   SH:  0    Dex: 15

rFire   + + .        a - +1 sling
rCold   x . .        (no shield)
rNeg    . . .        c - +0 robe
rPois   ∞            (no helmet)
rElec   .            (no cloak)
rCorr   .            (no gloves)
SInv    .            (boots unavailable)
Will    .....        (no amulet)
Stlth   +            (no ring)
HPRegen 0.23/turn    (no ring)
MPRegen 0.00/turn

%: infuse magic (-1 HP)
@: weak-willed, flying
A: sickness immunity, fire resistance 2, cold vulnerability 1, float, innate
caster, HP casting, extra vitality 1
a: no special abilities


You were on level 1 of the Dungeon.
You visited 1 branch of the dungeon, and saw 1 of its levels.

You collected 7 gold pieces.


Innate Abilities, Weirdness & Mutations

You are immune to sickness and miasma.
You are immune to poison.
Your flesh is very heat resistant. (rF++)
You are vulnerable to cold. (rC-)
You float through the air rather than walking.
You learn spells naturally, not from books.
Your magical power is your life essence.
You have superior vitality. (+4 MHP)


   Skills:
 + Level 1.9 Fighting
 - Level 1.5 Ranged Weapons
 - Level 2.1 Dodging
 + Level 3.0 Spellcasting
 + Level 3.0 Conjurations
 + Level 3.0 Hexes
 + Level 3.0 Summonings
 + Level 3.0 Necromancy
 + Level 3.0 Translocations
 + Level 3.0 Fire Magic
 + Level 3.0 Ice Magic
 + Level 3.0 Air Magic
 + Level 3.0 Earth Magic
 + Level 3.0 Alchemy


You knew the following spells:

 Your Spells              Type           Power      Damage    Failure   Level
c - Cause Fear            Hex            5%         N/A       52%         4
f - Inner Flame           Hex/Fire       10%        N/A       19%         3
X - Jinxbite              Hex            20%        N/A       10%         2
Y - Sigil of Binding      Hex            10%        N/A       19%         3
Z - Dimensional Bullseye  Hex/Tloc       5%         N/A       52%         4
Your spell library was empty.

Inventory:

Hand Weapons
 a - a +1 sling (weapon)
Armour
 c - a +0 robe (worn)
Scrolls
 b - a scroll of poison
Potions
 d - a potion of heal wounds {unknown}
 e - a potion of cancellation {unknown}
 f - a potion of degeneration {unknown}

Dungeon Overview and Level Annotations

Branches:
Dungeon (1/15)

Altars:

.### #..# ## # #
##..# # #.#
#..##...# # #.†
#.......# #### #.#.
##..# ...#
#....####..##
##.#####
#.##..g...##
.......###.#####.###
#####....#.# ##@#
#.##...####..#
#....#......##
####..........#
##.........#
#.........#
#.#.......#
#.#.####### .....


You could see a gnoll (very drained).


Message History

You shoot a sling bullet.
The sling bullet closely misses the gnoll.
The gnoll barely misses you.
Fire: a) +1 sling
Press: ? - help, Shift-Dir - straight line, f/p - gnoll
Aim: a gnoll, wielding a +0 spear and quivering stones (lightly wounded, chance to call a sprite on attack: 52%, 60% to hit)
You shoot a sling bullet.
The sling bullet barely misses the gnoll.
A giggling sprite leaps out and smacks the gnoll with its own hand.
The gnoll is moderately wounded.
The gnoll hits you from afar with a +0 spear.
* * * LOW HITPOINT WARNING * * *
The gnoll hits you but does no damage.
Fire: a) +1 sling
Press: ? - help, Shift-Dir - straight line, f/p - gnoll
Aim: a gnoll, wielding a +0 spear and quivering stones (moderately wounded, heavily drained, chance to call a sprite on attack: 57%, 60% to hit)
You shoot a sling bullet.
The sling bullet closely misses the gnoll.
A giggling sprite leaps out and smacks the gnoll with its own hand.
The gnoll is heavily wounded.
The gnoll barely misses you.
Unknown command.
Fire: a) +1 sling
Press: ? - help, Shift-Dir - straight line, f/p - gnoll
Aim: a gnoll, wielding a +0 spear and quivering stones (heavily wounded, heavily drained, chance to call a sprite on attack: 57%, 60% to hit)
You shoot a sling bullet.
The sling bullet completely misses the gnoll.
The jinxing sprites lose interest in you.
The gnoll hits you from afar with a +0 spear.
You die...

Skill      XL: |  1  2 |
---------------+-------+-----
Spellcasting   | 3 |  3.0
Conjurations   | 3 |  3.0
Hexes          | 3 |  3.0
Summonings     | 3 |  3.0
Necromancy     | 3 |  3.0
Translocations | 3 |  3.0
Fire Magic     | 3 |  3.0
Ice Magic      | 3 |  3.0
Air Magic      | 3 |  3.0
Earth Magic    | 3 |  3.0
Alchemy        | 3 |  3.0
Fighting       | |  1.9
Ranged Weapons | |  1.5
Dodging        | |  2.1

Action                     || total
---------------------------++-------
   Fire: Sling             ||    39
   Cast: Jinxbite          ||     1
 Armour: Robe              ||    11
  Dodge: Dodged            ||    15

Levels and vault maps discovered:
D:1:      heliophobic_arrival_battle_scene, layout_rooms,
          hangedman_decor_clover_reticule, minmay_close_crescents

Notes
Turn   | Place    | Note
-------+----------+-------------------------------------------
     0 | D:1      | cforsyth the Djinni Hexslinger began the quest for the Orb.
     0 | D:1      | cforsyth set off with the following spells memorised:
                  | Jinxbite, Sigil of Binding, Inner Flame, Cause Fear,
                  | Dimensional Bullseye.
     0 | D:1      | Reached XP level 1. HP: 17/17 MP: 0/0
   143 | D:1      | Reached XP level 2. HP: 22/22 MP: 0/0
   307 | D:1      | Reached skill level 3 in Spellcasting
   307 | D:1      | Reached skill level 3 in Conjurations
   307 | D:1      | Reached skill level 3 in Hexes
   307 | D:1      | Reached skill level 3 in Summonings
   307 | D:1      | Reached skill level 3 in Necromancy
   307 | D:1      | Reached skill level 3 in Translocations
   307 | D:1      | Reached skill level 3 in Fire Magic
   307 | D:1      | Reached skill level 3 in Ice Magic
   307 | D:1      | Reached skill level 3 in Air Magic
   307 | D:1      | Reached skill level 3 in Earth Magic
   307 | D:1      | Reached skill level 3 in Alchemy
   325 | D:1      | Slain by a gnoll

Vanquished Creatures
  A dart slug (D:1)
  A ball python (D:1)
  3 endoplasms (D:1)
  A giant cockroach (D:1)
  A quokka (D:1)
  A bat (D:1)
  4 frilled lizards (D:1)
  A kobold (D:1)
  3 rats (D:1)
16 creatures vanquished.

Table legend: (Time is in decaauts)
 A = Elapsed time spent in this place.
 B = Non-inter-level travel time spent in this place.
 C = Inter-level travel time spent in this place.
 D = Time resting spent in this place.
 E = Time spent auto-exploring this place.
 F = Levels seen in this place.
 G = Mean time per level.
                   A        B        C        D        E       F      G
               +--------+--------+--------+--------+--------+-----+--------+
         Total |    337 |    337 |      0 |      0 |    255 |   1 |  337.0 |
       Dungeon |    337 |    337 |      0 |      0 |    255 |   1 |  337.0 |
               +--------+--------+--------+--------+--------+-----+--------+

Top non-repeatable levels by time:
     D:1: 337 daAuts

Table legend:
 A = Non-vault XP
 B = Vault XP
 C = Vault XP percentage of total XP
 D = Non-vault monster count
 E = Vault monster count
 F = Vault count percentage of total count
                 A         B        C        D         E       F
            +---------+---------+-------+---------+---------+-------
      Total |      19 |       6 |  24.0 |      12 |       4 |  25.0
            +---------+---------+-------+---------+---------+-------
        D:1 |      19 |       6 |  24.0 |      12 |       4 |  25.0
            +---------+---------+-------+---------+---------+-------
